Flyers vs Sharks

Created - February 25, 2016 at 17:47

Goals
1 2 3 T
Flyers 1 0 1 2
Sharks 1 3 0 4
Shots
1 2 3 T
Flyers 14 9 13 36
Sharks 10 11 5 26

1st period

1. Flyers , Jean-Gabriel Pageau 12 (Andrew MacDonald) at 4:04
2. Sharks , Matt Beleskey 23 (Viktor Stalberg, David Savard) at 11:36

Penalties :
David Savard (SJS) for Diving (Minor) at 12:54, Nikolai Kulemin (SJS) for High sticking (Minor) at 14:50, Ryan Ellis (PHI) for Cross-checking (Minor) at 18:45

2nd period

3. Sharks , Brooks Laich 15 (Nikolai Kulemin, Martin Marincin) at 2:23
4. Sharks , Matt Beleskey 24 (David Savard, Viktor Stalberg) at 8:53
5. Sharks , Nikolai Kulemin 22 (Brooks Laich, Andrew Shaw) at 11:28

Penalties :
Colin McDonald (SJS) for Hooking (Minor) at 5:55, Tom Gilbert (PHI) for Interference (Minor) at 5:55

3rd period

6. Flyers , Joel Ward 12 (Jean-Gabriel Pageau, Damon Severson) at 10:15

Penalties :
No Penalty

Goalie Stats

Chad Johnson (PHI), 22 saves from 26 shots - (0.846), L, 1-2-0, 60:00 minutes
Al Montoya (SJS), 34 saves from 36 shots - (0.944), W, 9-10-2, 60:00 minutes

Players Stats for Flyers

Player Name              G  A  P  +/- PIM S  H  SB GA TA FO     MP     PP MP  PK MP  
------------------------------------------------------------------------------------
Alexander Killorn        0  0  0  -1  0   2  2  0  0  0  1/2    20:18   2:13   0:00 
Andrew MacDonald         0  1  1  -1  0   0  0  1  0  0  0/0    18:40   0:00   0:44 
Brian Gionta             0  0  0  -1  0   1  2  0  0  0  1/2    20:11   2:13   0:00 
Damien Brunner           0  0  0  -3  0   3  0  1  0  0  0/1    17:26   0:00   0:00 
Damon Severson           0  1  1   0  0   0  0  2  0  0  0/0    20:13   1:42   0:00 
Dan Boyle                0  0  0   0  0   2  2  1  0  0  0/0    20:37   2:13   0:00 
Gabriel Bourque          0  0  0  -1  0   2  0  0  0  0  0/0     5:36   0:00   0:34 
James Sheppard           0  0  0  -1  0   1  0  0  0  0  1/4     5:36   0:00   0:34 
Jean-Gabriel Pageau      1  1  2   2  0   3  6  0  0  0  18/28  20:17   1:42   0:00 
Joel Ward                1  0  1   2  0   7  0  0  0  0  0/1    19:04   0:00   1:25 
Kyle Brodziak            0  0  0  -2  0   3  2  1  0  0  7/16   13:49   0:00   1:25 
Luca Sbisa               0  0  0  -1  0   1  1  1  0  0  0/0    14:49   0:00   1:15 
Mark Fistric             0  0  0   0  0   0  0  0  0  0  0/0     6:33   0:00   1:15 
Mike Ribeiro             0  0  0  -1  0   3  1  0  0  0  11/19  20:18   2:13   0:00 
Mike Santorelli          0  0  0  -2  0   4  1  0  0  0  1/2    14:06   1:42   0:00 
Pierre-Alexandr Parentea 0  0  0   2  0   2  0  0  0  0  0/1    19:21   1:42   0:00 
Ryan Ellis               0  0  0  -1  2   1  1  0  0  0  0/0    19:58   2:13   0:00 
Tom Gilbert              0  0  0  -1  2   1  0  0  0  0  0/0    19:08   1:42   0:44 

Players Stats for Sharks

Player Name              G  A  P  +/- PIM S  H  SB GA TA FO     MP     PP MP  PK MP  
------------------------------------------------------------------------------------
Alexander Wennberg       0  0  0   0  0   3  0  1  0  0  3/8    12:56   0:26   0:00 
Andrej Sustr             0  0  0   1  0   1  1  0  0  0  0/0    19:57   0:26   0:58 
Andrew Shaw              0  1  1   2  0   4  2  0  0  0  15/26  21:51   1:33   2:25 
Brooks Laich             1  1  2   2  0   1  2  1  0  0  2/6    18:48   0:00   2:03 
Charlie Coyle            0  0  0   0  0   2  0  0  0  0  11/22  18:17   1:33   0:00 
Colin McDonald           0  0  0   0  2   0  2  0  0  0  1/3    18:39   0:00   0:00 
David Savard             0  2  2   1  2   1  2  1  0  0  0/0    21:19   1:33   0:53 
Jannik Hansen            0  0  0   0  0   3  1  0  0  0  1/1    15:09   0:00   1:52 
Ladislav Smid            0  0  0   0  0   0  2  2  0  0  0/0    16:41   0:00   0:00 
Luke Witkowski           0  0  0   0  0   0  0  0  0  0  0/0     0:00   0:00   0:00 
Mark Pysyk               0  0  0   1  0   3  1  0  0  0  0/0    21:06   0:26   2:07 
Martin Havlat            0  0  0   0  0   1  0  0  0  0  0/1     6:10   0:00   0:00 
Martin Marincin          0  1  1   0  0   0  0  0  0  0  0/0    18:10   0:00   1:31 
Matt Beleskey            2  0  2   0  0   3  1  0  0  0  0/1    19:01   1:33   0:42 
Nikolai Kulemin          1  1  2   2  2   2  2  0  0  0  0/0    19:03   0:26   0:44 
Robert Bortuzzo          0  0  0   1  0   1  2  0  0  0  0/0    22:46   1:33   2:21 
Stephen Weiss            0  0  0   0  0   0  0  0  0  0  3/8     6:57   0:00   0:00 
Viktor Stalberg          0  2  2   0  0   1  1  0  0  0  0/0    17:10   0:26   0:00 

3 Stars

1 - Jean-Gabriel Pageau (PHI)
2 - Brooks Laich (SJS)
3 - Matt Beleskey (SJS)

Power Play

Flyers - 0 on 2 Attempt(s) - 0.00%
Sharks - 0 on 1 Attempt(s) - 0.00%

Penalty Kill

Flyers - 1 on 1 Attempt(s) - 100.00% - Score 0 goal in Penalty Kill
Sharks - 2 on 2 Attempt(s) - 100.00% - Score 0 goal in Penalty Kill

Team Stat

Flyers - Hits : 18 - Faceoff Wins : 40 - Blocked Shots : 7 - Penalty Minutes : 4
Sharks - Hits : 19 - Faceoff Wins : 36 - Blocked Shots : 5 - Penalty Minutes : 6

Official

Referees : Francis Charron and Gord Dwyer
Linesman : Brian Mach and Trent Knorr

Game Notes

No Game Note

Finance

Level 1 -- Attendance: 5669 (87.22%) -- Ticket Income $566,900
Level 2 -- Attendance: 5000 (100.00%) -- Ticket Income $300,000
Level 3 -- Attendance: 3500 (100.00%) -- Ticket Income $122,500
Level 4 -- Attendance: 1562 (100.00%) -- Ticket Income $31,240
Luxury Box -- Attendance: 942 (94.20%) -- Ticket Income $188,400
Game was played at the SAP center.
Total Attendance: 16673 (94.94%)
Total Ticket Income: $1,209,040
Other Income: $181,356
Total Income: $1,390,396

% Time on Ice - Flyers

Lines # - Real PCT - Wanted PCT - Time Play
Normal Forward
1 - 33% - 32% - 17:02
2 - 34% - 32% - 17:39
3 - 24% - 25% - 12:24
4 - 10% - 11% - 5:02
Normal Defense
1 - 34% - 33% - 17:28
2 - 32% - 32% - 16:43
3 - 24% - 25% - 12:38
4 - 10% - 10% - 5:18
PP Forward
1 - 57% - 55% - 2:13
2 - 43% - 45% - 1:42
PP Defense
1 - 57% - 55% - 2:13
2 - 43% - 45% - 1:42
PK Forward
1 - 71% - 55% - 1:25
2 - 29% - 45% - 0:34
PK Defense
1 - 63% - 55% - 1:15
2 - 37% - 45% - 0:44
PK3 Forward
1 - 0% - 60%
2 - 0% - 40%
PK3 Defense
1 - 0% - 50%
2 - 0% - 50%
44 Forward
1 - 47% - 50% - 0:56
2 - 53% - 50% - 1:03
44 Defense
1 - 53% - 50% - 1:03
2 - 47% - 50% - 0:56
Last Minute Offensive  - 0:00
Last Minute Defensive  - 0:00
Total
Forward - 60:00
Defense - 60:00

% Time on Ice - Sharks

Lines # - Real PCT - Wanted PCT - Time Play
Normal Forward
1 - 32% - 31% - 16:44
2 - 32% - 28% - 16:43
3 - 24% - 26% - 12:30
4 - 12% - 15% - 6:10
Normal Defense
1 - 35% - 40% - 18:05
2 - 33% - 35% - 17:23
3 - 32% - 25% - 16:39
4 - 0% - 0% - 0:00
PP Forward
1 - 78% - 60% - 1:33
2 - 22% - 40% - 0:26
PP Defense
1 - 78% - 60% - 1:33
2 - 22% - 40% - 0:26
PK Forward
1 - 53% - 50% - 2:03
2 - 47% - 50% - 1:49
PK Defense
1 - 61% - 60% - 2:21
2 - 39% - 40% - 1:31
PK3 Forward
1 - 100% - 60% - 0:03
2 - 0% - 40% - 0:00
PK3 Defense
1 - 0% - 60% - 0:00
2 - 100% - 40% - 0:03
44 Forward
1 - 41% - 50% - 0:49
2 - 59% - 50% - 1:10
44 Defense
1 - 41% - 50% - 0:49
2 - 59% - 50% - 1:10
Last Minute Offensive  - 0:00
Last Minute Defensive  - 0:00
Total
Forward - 60:00
Defense - 60:00

Play by Play

1st period


0:01 of 1st period - Charlie Coyle wins face-off versus Mike Ribeiro in neutral zone.
0:03 of 1st period - David Savard is hit by Dan Boyle and loses puck.
0:24 of 1st period - Shot by Alexander Killorn.
0:24 of 1st period - Stopped by Al Montoya with a rebound.
0:44 of 1st period - Shot by Mike Ribeiro.
0:44 of 1st period - Shot Misses the Net.
1:14 of 1st period - Shot by Brooks Laich.
1:14 of 1st period - Shot Misses the Net.
2:02 of 1st period - Kyle Brodziak is hit by Jannik Hansen and loses puck.
2:08 of 1st period - Icing by Andrew MacDonald.
2:09 of 1st period - Kyle Brodziak wins face-off versus Stephen Weiss in Flyers zone.
3:31 of 1st period - Mike Ribeiro is hit by Mark Pysyk and loses puck.
3:47 of 1st period - Andrew Shaw is hit by Ryan Ellis and loses puck.
3:58 of 1st period - Shot by Gabriel Bourque.
3:58 of 1st period - Stopped by Al Montoya without a rebound.
3:59 of 1st period - Jean-Gabriel Pageau wins face-off versus Charlie Coyle in Sharks zone.
4:02 of 1st period - Shot by Jean-Gabriel Pageau.
4:02 of 1st period - Shot Hit the Post.
4:04 of 1st period - Shot by Jean-Gabriel Pageau.
4:04 of 1st period - The goal is going for a video replay.
4:04 of 1st period - The goal is good.
4:04 of 1st period - Goal by Jean-Gabriel Pageau - Flyers : 1 - Sharks : 0.
4:05 of 1st period - Charlie Coyle wins face-off versus Jean-Gabriel Pageau in neutral zone.
4:17 of 1st period - Icing by Mark Fistric.
4:18 of 1st period - Andrew Shaw wins face-off versus Jean-Gabriel Pageau in Flyers zone.
4:33 of 1st period - Andrew MacDonald is hit by Brooks Laich and loses puck.
5:23 of 1st period - Mike Santorelli is hit by Robert Bortuzzo and loses puck.
5:29 of 1st period - Icing by Charlie Coyle.
5:30 of 1st period - Charlie Coyle wins face-off versus Alexander Killorn in Sharks zone.
5:48 of 1st period - Viktor Stalberg is hit by Dan Boyle and loses puck.
7:45 of 1st period - Shot by Jannik Hansen.
7:45 of 1st period - Deflect By Colin McDonald.
7:45 of 1st period - Shot Misses the Net.
7:47 of 1st period - Shot by Alexander Wennberg.
7:47 of 1st period - Stopped by Chad Johnson with a rebound.
8:11 of 1st period - Shot by Colin McDonald.
8:11 of 1st period - Deflect By Jannik Hansen.
8:11 of 1st period - Stopped by Chad Johnson with a rebound.
8:13 of 1st period - Shot by Mark Pysyk.
8:13 of 1st period - Stopped by Chad Johnson without a rebound.
8:14 of 1st period - Andrew Shaw wins face-off versus Mike Ribeiro in Flyers zone.
8:23 of 1st period - Brian Gionta is hit by Nikolai Kulemin.
9:07 of 1st period - Off-side.
9:08 of 1st period - Kyle Brodziak wins face-off versus Alexander Wennberg in neutral zone.
9:25 of 1st period - Shot by Kyle Brodziak.
9:25 of 1st period - Stopped by Al Montoya without a rebound.
9:26 of 1st period - Stephen Weiss wins face-off versus James Sheppard in Sharks zone.
9:37 of 1st period - Shot by James Sheppard.
9:37 of 1st period - Deflect By Damien Brunner.
9:37 of 1st period - Stopped by Al Montoya with a rebound.
9:55 of 1st period - Shot by Gabriel Bourque.
9:55 of 1st period - Deflect By Damien Brunner.
9:55 of 1st period - Stopped by Al Montoya without a rebound.
9:56 of 1st period - Jean-Gabriel Pageau wins face-off versus Andrew Shaw in Sharks zone.
10:00 of 1st period - Joel Ward is hit by Ladislav Smid.
10:22 of 1st period - Shot by Nikolai Kulemin.
10:22 of 1st period - Shot Misses the Net.
10:29 of 1st period - Icing by Tom Gilbert.
10:30 of 1st period - Alexander Wennberg wins face-off versus Jean-Gabriel Pageau in Flyers zone.
11:01 of 1st period - Shot by Mike Santorelli.
11:01 of 1st period - Stopped by Al Montoya with a rebound.
11:03 of 1st period - Shot by Kyle Brodziak.
11:03 of 1st period - Stopped by Al Montoya without a rebound.
11:04 of 1st period - Charlie Coyle wins face-off versus Mike Ribeiro in Sharks zone.
11:04 of 1st period - Charlie Coyle is hit by Brian Gionta.
11:36 of 1st period - Shot by Matt Beleskey.
11:36 of 1st period - Goal by Matt Beleskey - Flyers : 1 - Sharks : 1.
11:37 of 1st period - Andrew Shaw wins face-off versus Kyle Brodziak in neutral zone.
11:50 of 1st period - Shot by Nikolai Kulemin.
11:50 of 1st period - Shot Misses the Net.
11:52 of 1st period - Shot by Brooks Laich.
11:52 of 1st period - Shot Hit the Post.
12:45 of 1st period - Shot by Andrej Sustr.
12:45 of 1st period - Stopped by Chad Johnson with a rebound.
12:47 of 1st period - Shot by Mark Pysyk.
12:47 of 1st period - Stopped by Chad Johnson without a rebound.
12:48 of 1st period - Mike Ribeiro wins face-off versus Matt Beleskey in Flyers zone.
12:54 of 1st period - Minor Penalty to David Savard for Diving.
12:55 of 1st period - Mike Ribeiro wins face-off versus Andrew Shaw in Sharks zone.
13:07 of 1st period - Ryan Ellis is hit by Brooks Laich and loses puck.
13:27 of 1st period - Shot by Ryan Ellis.
13:27 of 1st period - Stopped by Al Montoya without a rebound.
13:28 of 1st period - Andrew Shaw wins face-off versus Pierre-Alexandr Parenteau in Sharks zone.
14:15 of 1st period - Jannik Hansen is hit by Mike Ribeiro and loses puck.
14:32 of 1st period - Shot by Dan Boyle.
14:32 of 1st period - Stopped by Al Montoya without a rebound.
14:33 of 1st period - Alexander Killorn wins face-off versus Brooks Laich in Sharks zone.
14:34 of 1st period - Shot by Brian Gionta.
14:34 of 1st period - Stopped by Al Montoya without a rebound.
14:35 of 1st period - Brian Gionta wins face-off versus Brooks Laich in Sharks zone.
14:50 of 1st period - Minor Penalty to Nikolai Kulemin for High sticking.
14:51 of 1st period - Jannik Hansen wins face-off versus Jean-Gabriel Pageau in Sharks zone.
14:51 of 1st period - Jannik Hansen is hit by Jean-Gabriel Pageau.
14:58 of 1st period - Icing by Jean-Gabriel Pageau.
14:59 of 1st period - Jean-Gabriel Pageau wins face-off versus Brooks Laich in Flyers zone.
15:04 of 1st period - Shot by Damon Severson.
15:04 of 1st period - Shot Misses the Net.
15:22 of 1st period - Shot by Jean-Gabriel Pageau.
15:22 of 1st period - Shot Misses the Net.
15:24 of 1st period - Shot by Jean-Gabriel Pageau.
15:24 of 1st period - Stopped by Al Montoya without a rebound.
15:25 of 1st period - Brooks Laich wins face-off versus Mike Ribeiro in Sharks zone.
15:25 of 1st period - Brooks Laich is hit by Alexander Killorn.
15:58 of 1st period - Icing by Dan Boyle.
15:59 of 1st period - Mike Ribeiro wins face-off versus Andrew Shaw in Flyers zone.
16:39 of 1st period - Shot by Pierre-Alexandr Parenteau.
16:39 of 1st period - Stopped by Al Montoya with a rebound.
16:41 of 1st period - Shot by Jean-Gabriel Pageau.
16:41 of 1st period - Stopped by Al Montoya without a rebound.
16:42 of 1st period - Jean-Gabriel Pageau wins face-off versus Brooks Laich in Sharks zone.
17:06 of 1st period - Icing by Stephen Weiss.
17:07 of 1st period - Jean-Gabriel Pageau wins face-off versus Stephen Weiss in Sharks zone.
18:05 of 1st period - Shot by Charlie Coyle.
18:05 of 1st period - Stopped by Chad Johnson without a rebound.
18:06 of 1st period - Andrew Shaw wins face-off versus Kyle Brodziak in Flyers zone.
18:11 of 1st period - Shot by Andrew Shaw.
18:11 of 1st period - Stopped by Chad Johnson without a rebound.
18:12 of 1st period - Mike Ribeiro wins face-off versus Andrew Shaw in Flyers zone.
18:45 of 1st period - Minor Penalty to Ryan Ellis for Cross-checking.
18:46 of 1st period - Andrew Shaw wins face-off versus Kyle Brodziak in Flyers zone.
18:47 of 1st period - Shot by Charlie Coyle.
18:47 of 1st period - Deflect By Andrew Shaw.
18:47 of 1st period - Stopped by Chad Johnson with a rebound.
18:49 of 1st period - Shot by Robert Bortuzzo.
18:49 of 1st period - Stopped by Chad Johnson with a rebound.
19:21 of 1st period - Shot by Andrew Shaw.
19:21 of 1st period - Deflect By Matt Beleskey.
19:21 of 1st period - Shot Misses the Net.
Goals for this period are 1 for Flyers vs 1 for Sharks.
Shots for this period are 14 for Flyers vs 10 for Sharks.

2nd period


0:01 of 2nd period - Charlie Coyle wins face-off versus Kyle Brodziak in neutral zone.
0:04 of 2nd period - Shot by David Savard.
0:04 of 2nd period - Stopped by Chad Johnson without a rebound.
0:05 of 2nd period - Kyle Brodziak wins face-off versus Charlie Coyle in Flyers zone.
0:42 of 2nd period - Shot by David Savard.
0:42 of 2nd period - Shot Misses the Net.
0:59 of 2nd period - Alexander Killorn is hit by Andrej Sustr.
1:52 of 2nd period - Ryan Ellis is hit by Andrew Shaw and loses puck.
2:09 of 2nd period - Shot by Andrew Shaw.
2:09 of 2nd period - Stopped by Chad Johnson with a rebound.
2:11 of 2nd period - Shot by Brooks Laich.
2:11 of 2nd period - Shot Misses the Net.
2:19 of 2nd period - Shot by Nikolai Kulemin.
2:19 of 2nd period - Stopped by Chad Johnson with a rebound.
2:21 of 2nd period - Shot by Nikolai Kulemin.
2:21 of 2nd period - Shot Misses the Net.
2:23 of 2nd period - Shot by Brooks Laich.
2:23 of 2nd period - Goal by Brooks Laich - Flyers : 1 - Sharks : 2.
2:24 of 2nd period - Jean-Gabriel Pageau wins face-off versus Charlie Coyle in neutral zone.
2:50 of 2nd period - Icing by Andrew MacDonald.
2:51 of 2nd period - Jean-Gabriel Pageau wins face-off versus Stephen Weiss in Flyers zone.
4:00 of 2nd period - Brian Gionta is hit by Viktor Stalberg and loses puck.
4:09 of 2nd period - Shot by Charlie Coyle.
4:09 of 2nd period - Shot Blocked by Dan Boyle.
4:16 of 2nd period - Mike Ribeiro is hit by David Savard and loses puck.
4:24 of 2nd period - Off-side.
4:25 of 2nd period - Brooks Laich wins face-off versus Damien Brunner in neutral zone.
4:49 of 2nd period - Icing by Tom Gilbert.
4:50 of 2nd period - Charlie Coyle wins face-off versus Kyle Brodziak in Flyers zone.
4:53 of 2nd period - Shot by Charlie Coyle.
4:53 of 2nd period - Stopped by Chad Johnson without a rebound.
4:54 of 2nd period - Jean-Gabriel Pageau wins face-off versus Charlie Coyle in Flyers zone.
4:58 of 2nd period - Off-side.
4:59 of 2nd period - Kyle Brodziak wins face-off versus Charlie Coyle in neutral zone.
5:13 of 2nd period - Shot by Mike Santorelli.
5:13 of 2nd period - Stopped by Al Montoya without a rebound.
5:14 of 2nd period - Jean-Gabriel Pageau wins face-off versus Colin McDonald in Sharks zone.
5:17 of 2nd period - Shot by Joel Ward.
5:17 of 2nd period - Stopped by Al Montoya without a rebound.
5:18 of 2nd period - Kyle Brodziak wins face-off versus Alexander Wennberg in Sharks zone.
5:55 of 2nd period - Minor Penalty to Colin McDonald for Hooking.
5:55 of 2nd period - Minor Penalty to Tom Gilbert for Interference.
5:56 of 2nd period - Andrew Shaw wins face-off versus Jean-Gabriel Pageau in Flyers zone.
6:25 of 2nd period - Shot by Brian Gionta.
6:25 of 2nd period - Shot Misses the Net.
6:27 of 2nd period - Shot by Luca Sbisa.
6:27 of 2nd period - Stopped by Al Montoya with a rebound.
6:29 of 2nd period - Shot by Dan Boyle.
6:29 of 2nd period - Stopped by Al Montoya with a rebound.
7:44 of 2nd period - Shot by Jannik Hansen.
7:44 of 2nd period - Shot Misses the Net.
8:17 of 2nd period - Shot by Mike Santorelli.
8:17 of 2nd period - Stopped by Al Montoya without a rebound.
8:18 of 2nd period - Jean-Gabriel Pageau wins face-off versus Colin McDonald in Sharks zone.
8:27 of 2nd period - Shot by Jannik Hansen.
8:27 of 2nd period - Stopped by Chad Johnson without a rebound.
8:28 of 2nd period - Charlie Coyle wins face-off versus Kyle Brodziak in Flyers zone.
8:37 of 2nd period - Shot by Viktor Stalberg.
8:37 of 2nd period - Stopped by Chad Johnson with a rebound.
8:53 of 2nd period - Shot by Matt Beleskey.
8:53 of 2nd period - Goal by Matt Beleskey - Flyers : 1 - Sharks : 3.
8:54 of 2nd period - Jean-Gabriel Pageau wins face-off versus Andrew Shaw in neutral zone.
8:54 of 2nd period - Pierre-Alexandr Parenteau is hit by Nikolai Kulemin.
9:04 of 2nd period - Shot by Mark Pysyk.
9:04 of 2nd period - Shot Misses the Net.
9:06 of 2nd period - Shot by Brooks Laich.
9:06 of 2nd period - Shot Misses the Net.
9:21 of 2nd period - Icing by Damon Severson.
9:22 of 2nd period - Alexander Wennberg wins face-off versus Jean-Gabriel Pageau in Flyers zone.
9:34 of 2nd period - Dan Boyle is hit by Ladislav Smid and loses puck.
9:56 of 2nd period - Alexander Wennberg is hit by Brian Gionta and loses puck.
10:18 of 2nd period - Shot by Mike Ribeiro.
10:18 of 2nd period - Shot Misses the Net.
11:08 of 2nd period - Icing by Andrew MacDonald.
11:09 of 2nd period - Andrew Shaw wins face-off versus Mike Santorelli in Flyers zone.
11:24 of 2nd period - Shot by Andrew Shaw.
11:24 of 2nd period - Deflect By Brooks Laich.
11:24 of 2nd period - Shot Misses the Net.
11:26 of 2nd period - Shot by Brooks Laich.
11:26 of 2nd period - Shot Blocked by Luca Sbisa.
11:28 of 2nd period - Shot by Nikolai Kulemin.
11:28 of 2nd period - Goal by Nikolai Kulemin - Flyers : 1 - Sharks : 4.
11:29 of 2nd period - Colin McDonald wins face-off versus Jean-Gabriel Pageau in neutral zone.
12:04 of 2nd period - Shot by Alexander Wennberg.
12:04 of 2nd period - Stopped by Chad Johnson without a rebound.
12:05 of 2nd period - Andrew Shaw wins face-off versus Mike Ribeiro in Flyers zone.
12:06 of 2nd period - Shot by Robert Bortuzzo.
12:06 of 2nd period - Shot Misses the Net.
12:11 of 2nd period - Luca Sbisa is hit by Andrew Shaw.
12:26 of 2nd period - Brian Gionta is hit by David Savard and loses puck.
12:43 of 2nd period - Shot by Mike Ribeiro.
12:43 of 2nd period - Stopped by Al Montoya without a rebound.
12:44 of 2nd period - Mike Santorelli wins face-off versus Charlie Coyle in Sharks zone.
13:54 of 2nd period - Shot by Pierre-Alexandr Parenteau.
13:54 of 2nd period - Deflect By Joel Ward.
13:54 of 2nd period - Shot Misses the Net.
13:56 of 2nd period - Shot by Joel Ward.
13:56 of 2nd period - Shot Misses the Net.
13:58 of 2nd period - Shot by Joel Ward.
13:58 of 2nd period - Stopped by Al Montoya without a rebound.
13:59 of 2nd period - Mike Ribeiro wins face-off versus Andrew Shaw in Sharks zone.
14:08 of 2nd period - Shot by Mike Ribeiro.
14:08 of 2nd period - Shot Blocked by David Savard.
14:49 of 2nd period - Icing by David Savard.
14:50 of 2nd period - Jean-Gabriel Pageau wins face-off versus Andrew Shaw in Sharks zone.
14:55 of 2nd period - Shot by Joel Ward.
14:55 of 2nd period - Shot Blocked by Brooks Laich.
15:27 of 2nd period - Shot by Pierre-Alexandr Parenteau.
15:27 of 2nd period - Shot Misses the Net.
15:45 of 2nd period - Alexander Wennberg is hit by Jean-Gabriel Pageau and loses puck.
16:08 of 2nd period - Shot by Matt Beleskey.
16:08 of 2nd period - Stopped by Chad Johnson without a rebound.
16:09 of 2nd period - Kyle Brodziak wins face-off versus Charlie Coyle in Flyers zone.
17:36 of 2nd period - Mike Ribeiro is hit by Robert Bortuzzo and loses puck.
17:54 of 2nd period - Robert Bortuzzo is hit by Luca Sbisa and loses puck.
18:22 of 2nd period - Alexander Wennberg is hit by Jean-Gabriel Pageau and loses puck.
18:49 of 2nd period - Shot by Dan Boyle.
18:49 of 2nd period - Shot Blocked by Alexander Wennberg.
18:59 of 2nd period - Shot by Damien Brunner.
18:59 of 2nd period - Shot Misses the Net.
19:11 of 2nd period - Shot by Gabriel Bourque.
19:11 of 2nd period - Shot Misses the Net.
19:13 of 2nd period - Shot by Gabriel Bourque.
19:13 of 2nd period - Shot Misses the Net.
19:15 of 2nd period - Shot by Damien Brunner.
19:15 of 2nd period - Stopped by Al Montoya without a rebound.
19:16 of 2nd period - Mike Ribeiro wins face-off versus Charlie Coyle in Sharks zone.
19:28 of 2nd period - Icing by Andrej Sustr.
19:29 of 2nd period - Charlie Coyle wins face-off versus James Sheppard in Sharks zone.
19:57 of 2nd period - Shot by James Sheppard.
19:57 of 2nd period - Stopped by Al Montoya without a rebound.
19:58 of 2nd period - Andrew Shaw wins face-off versus Brian Gionta in Sharks zone.
Goals for this period are 0 for Flyers vs 3 for Sharks.
Shots for this period are 9 for Flyers vs 11 for Sharks.

3rd period


0:01 of 3rd period - Jean-Gabriel Pageau wins face-off versus Alexander Wennberg in neutral zone.
0:44 of 3rd period - Robert Bortuzzo is hit by Jean-Gabriel Pageau and loses puck.
1:55 of 3rd period - Icing by Ladislav Smid.
1:56 of 3rd period - Charlie Coyle wins face-off versus Kyle Brodziak in Sharks zone.
1:56 of 3rd period - Charlie Coyle is hit by Kyle Brodziak.
2:52 of 3rd period - Robert Bortuzzo is hit by Jean-Gabriel Pageau and loses puck.
3:10 of 3rd period - Icing by David Savard.
3:11 of 3rd period - Stephen Weiss wins face-off versus Mike Ribeiro in Sharks zone.
3:11 of 3rd period - Stephen Weiss is hit by Alexander Killorn.
3:19 of 3rd period - Shot by Martin Havlat.
3:19 of 3rd period - Shot Misses the Net.
3:33 of 3rd period - Shot by Mike Ribeiro.
3:33 of 3rd period - Stopped by Al Montoya without a rebound.
3:34 of 3rd period - Andrew Shaw wins face-off versus Jean-Gabriel Pageau in Sharks zone.
3:47 of 3rd period - Shot by Jean-Gabriel Pageau.
3:47 of 3rd period - Deflect By Pierre-Alexandr Parenteau.
3:47 of 3rd period - Stopped by Al Montoya with a rebound.
3:49 of 3rd period - Shot by Joel Ward.
3:49 of 3rd period - Stopped by Al Montoya with a rebound.
3:51 of 3rd period - Shot by Tom Gilbert.
3:51 of 3rd period - Stopped by Al Montoya without a rebound.
3:52 of 3rd period - Mike Ribeiro wins face-off versus Charlie Coyle in Sharks zone.
4:13 of 3rd period - Shot by Alexander Killorn.
4:13 of 3rd period - Stopped by Al Montoya with a rebound.
4:33 of 3rd period - Andrew MacDonald is hit by Matt Beleskey and loses puck.
5:27 of 3rd period - Shot by Damien Brunner.
5:27 of 3rd period - Shot Misses the Net.
5:34 of 3rd period - Icing by Mark Pysyk.
5:35 of 3rd period - Jean-Gabriel Pageau wins face-off versus Andrew Shaw in Sharks zone.
5:48 of 3rd period - Shot by Damon Severson.
5:48 of 3rd period - Shot Misses the Net.
5:50 of 3rd period - Shot by Joel Ward.
5:50 of 3rd period - Shot Misses the Net.
5:54 of 3rd period - Shot by Joel Ward.
5:54 of 3rd period - Stopped by Al Montoya without a rebound.
5:55 of 3rd period - James Sheppard wins face-off versus Alexander Wennberg in Sharks zone.
6:30 of 3rd period - Shot by Gabriel Bourque.
6:30 of 3rd period - Stopped by Al Montoya with a rebound.
6:47 of 3rd period - Icing by Joel Ward.
6:48 of 3rd period - Jean-Gabriel Pageau wins face-off versus Charlie Coyle in Flyers zone.
6:53 of 3rd period - Shot by Joel Ward.
6:53 of 3rd period - Shot Misses the Net.
7:41 of 3rd period - Shot by Andrew Shaw.
7:41 of 3rd period - Stopped by Chad Johnson without a rebound.
7:42 of 3rd period - Andrew Shaw wins face-off versus Mike Ribeiro in Flyers zone.
8:17 of 3rd period - Shot by Mike Ribeiro.
8:17 of 3rd period - Deflect By Alexander Killorn.
8:17 of 3rd period - Shot Misses the Net.
8:51 of 3rd period - Shot by Damien Brunner.
8:51 of 3rd period - Deflect By Mike Santorelli.
8:51 of 3rd period - Stopped by Al Montoya without a rebound.
8:52 of 3rd period - Alexander Wennberg wins face-off versus James Sheppard in Sharks zone.
9:35 of 3rd period - Off-side.
9:36 of 3rd period - Charlie Coyle wins face-off versus Jean-Gabriel Pageau in neutral zone.
9:53 of 3rd period - Shot by Joel Ward.
9:53 of 3rd period - Deflect By Jean-Gabriel Pageau.
9:53 of 3rd period - Shot Misses the Net.
9:55 of 3rd period - Shot by Joel Ward.
9:55 of 3rd period - Deflect By Jean-Gabriel Pageau.
9:55 of 3rd period - Shot Blocked by Ladislav Smid.
10:01 of 3rd period - Shot by Joel Ward.
10:01 of 3rd period - Shot Misses the Net.
10:07 of 3rd period - Shot by Pierre-Alexandr Parenteau.
10:07 of 3rd period - Shot Blocked by Ladislav Smid.
10:11 of 3rd period - Shot by Jean-Gabriel Pageau.
10:11 of 3rd period - Deflect By Joel Ward.
10:11 of 3rd period - Stopped by Al Montoya with a rebound.
10:13 of 3rd period - Shot by Damon Severson.
10:13 of 3rd period - Deflect By Joel Ward.
10:13 of 3rd period - Stopped by Al Montoya with a rebound.
10:15 of 3rd period - Shot by Jean-Gabriel Pageau.
10:15 of 3rd period - Deflect By Joel Ward.
10:15 of 3rd period - Goal by Joel Ward - Flyers : 2 - Sharks : 4.
10:16 of 3rd period - Mike Ribeiro wins face-off versus Stephen Weiss in neutral zone.
10:29 of 3rd period - Shot by Mike Ribeiro.
10:29 of 3rd period - Stopped by Al Montoya without a rebound.
10:30 of 3rd period - Andrew Shaw wins face-off versus Kyle Brodziak in Sharks zone.
10:49 of 3rd period - Shot by Nikolai Kulemin.
10:49 of 3rd period - Shot Blocked by Kyle Brodziak.
10:51 of 3rd period - Shot by Nikolai Kulemin.
10:51 of 3rd period - Shot Blocked by Damien Brunner.
10:53 of 3rd period - Shot by Mark Pysyk.
10:53 of 3rd period - Stopped by Chad Johnson without a rebound.
10:54 of 3rd period - Mike Ribeiro wins face-off versus Stephen Weiss in Flyers zone.
11:05 of 3rd period - Icing by Robert Bortuzzo.
11:06 of 3rd period - Stephen Weiss wins face-off versus Joel Ward in Sharks zone.
11:15 of 3rd period - Dan Boyle is hit by Colin McDonald and loses puck.
11:26 of 3rd period - Shot by David Savard.
11:26 of 3rd period - Shot Blocked by Damon Severson.
11:29 of 3rd period - Icing by Damon Severson.
11:30 of 3rd period - Jean-Gabriel Pageau wins face-off versus Charlie Coyle in Flyers zone.
11:45 of 3rd period - Shot by Joel Ward.
11:45 of 3rd period - Shot Misses the Net.
12:02 of 3rd period - Shot by Charlie Coyle.
12:02 of 3rd period - Shot Misses the Net.
12:04 of 3rd period - Shot by Charlie Coyle.
12:04 of 3rd period - Shot Blocked by Damon Severson.
12:38 of 3rd period - Shot by Alexander Wennberg.
12:38 of 3rd period - Stopped by Chad Johnson without a rebound.
12:39 of 3rd period - Mike Ribeiro wins face-off versus Alexander Wennberg in Flyers zone.
12:39 of 3rd period - Mike Ribeiro is hit by Colin McDonald.
13:33 of 3rd period - Shot by Kyle Brodziak.
13:33 of 3rd period - Stopped by Al Montoya without a rebound.
13:34 of 3rd period - Andrew Shaw wins face-off versus Kyle Brodziak in Sharks zone.
13:53 of 3rd period - Martin Marincin is hit by Mike Santorelli and loses puck.
14:06 of 3rd period - Brooks Laich is hit by Kyle Brodziak and loses puck.
14:15 of 3rd period - Shot by Mike Santorelli.
14:15 of 3rd period - Deflect By Damien Brunner.
14:15 of 3rd period - Shot Misses the Net.
14:26 of 3rd period - Icing by Brooks Laich.
14:27 of 3rd period - Andrew Shaw wins face-off versus Jean-Gabriel Pageau in Sharks zone.
15:48 of 3rd period - Colin McDonald is hit by Jean-Gabriel Pageau and loses puck.
16:10 of 3rd period - Icing by Tom Gilbert.
16:11 of 3rd period - Jean-Gabriel Pageau wins face-off versus Andrew Shaw in Flyers zone.
16:47 of 3rd period - Icing by Ladislav Smid.
16:48 of 3rd period - Kyle Brodziak wins face-off versus Andrew Shaw in Sharks zone.
17:13 of 3rd period - Icing by Nikolai Kulemin.
17:14 of 3rd period - Mike Ribeiro wins face-off versus Andrew Shaw in Sharks zone.
18:51 of 3rd period - Shot by Martin Havlat.
18:51 of 3rd period - Shot Misses the Net.
18:53 of 3rd period - Shot by Martin Havlat.
18:53 of 3rd period - Stopped by Chad Johnson without a rebound.
18:54 of 3rd period - Charlie Coyle wins face-off versus Mike Ribeiro in Flyers zone.
19:03 of 3rd period - Shot by Matt Beleskey.
19:03 of 3rd period - Shot Blocked by Andrew MacDonald.
19:05 of 3rd period - Shot by Andrej Sustr.
19:05 of 3rd period - Shot Misses the Net.
19:07 of 3rd period - Shot by Mark Pysyk.
19:07 of 3rd period - Shot Misses the Net.
19:36 of 3rd period - Shot by Charlie Coyle.
19:36 of 3rd period - Shot Misses the Net.
19:54 of 3rd period - Shot by Jannik Hansen.
19:54 of 3rd period - Stopped by Chad Johnson without a rebound.
19:55 of 3rd period - Jean-Gabriel Pageau wins face-off versus Martin Havlat in Flyers zone.
Goals for this period are 1 for Flyers vs 0 for Sharks.
Shots for this period are 13 for Flyers vs 5 for Sharks.